 Dungeon Crawl Stone Soup version 0.29.0-4-gdea44cf6ec (webtiles) character file.

Game seed: 15303905930471425531

23 qw the Chopper (level 3, 0/29 HPs)
             Began as a Barachi Chaos Knight on Sept 4, 2022.
             Slain by a quasit (1 damage)
             ... summoned by Xom
             ... on level 1 of the Dungeon.
             The game lasted 00:00:15 (483 turns).

qw the Chopper (Barachi Chaos Knight)                Turns: 483, Time: 00:00:16

Health: 0/29       AC:  5    Str: 15      XL:     3   Next: 0%
Magic:  3/3        EV: 11    Int: 12      God:
Gold:   17         SH:  0    Dex:  8 (11) Spells: 2/2 levels left

rFire   . . .      SeeInvis .   a - +0 hand axe (chaos)
rCold   . . .      Faith    .   (no shield)
rNeg    . . .      Spirit   .   b - +2 leather armour
rPois   .          Reflect  .   (no helmet)
rElec   .          Harm     .   (no cloak)
rCorr   .          Rampage  .   (no gloves)
Will    .....                   (no boots)
Stlth   +.........              (no amulet)
HPRegen 0.09/turn               (no ring)
MPRegen 0.08/turn               (no ring)

@: slow
A: amphibious, slowness 1, strong legs 1, +LOS
a: Hop


You were on level 1 of the Dungeon.
You visited 1 branch of the dungeon, and saw 1 of its levels.

You collected 17 gold pieces.


Innate Abilities, Weirdness & Mutations

You are amphibious.
You cover ground slowly.
You can hop short distances.
You have an extended range of vision and can be seen from far away.


   Skills:
 - Level 3.6 Fighting
 + Level 4.5 Axes
 - Level 2.4 Armour
 - Level 1.1 Dodging


You had 2 spell levels left.
You didn't know any spells.
Your spell library was empty.

Inventory:

Hand Weapons
 a - a +0 hand axe of chaos (weapon)
 e - a +0 club
Armour
 b - a +2 leather armour (worn)
 f - a +0 ring mail
Jewellery
 d - a ring of fire
Miscellaneous
 c - a piece from Xom's chessboard (15/15)

Dungeon Overview and Level Annotations

Branches:
Dungeon (1/15)

Altars:


Message History

The quasit barely misses you.
The quasit bites you but does no damage.
The quasit closely misses you.
The quasit claws you but does no damage.
The quasit bites you but does no damage.
The quasit claws you but does no damage.
The quasit barely misses you.
You hit the quasit but do no damage. Lightning courses through the quasit!!
You kill the quasit!
The quasit disappears in a puff of smoke!
You hit the iron imp but do no damage. You miss the quasit. You hit the quasit.
The quasit completely misses you. The quasit barely misses you.
The quasit closely misses you. The quasit bites you.
The quasit closely misses you. The quasit claws you.
You feel clumsy. The quasit barely misses you.
The quasit claws you but does no damage. x2
The iron imp barely misses you.
You miss the quasit.
The quasit is moderately wounded.
You hit the iron imp but do no damage. You hit the quasit.
The quasit flickers and vanishes!
You miss something. Something bites you but does no damage.
Something claws you.
You feel clumsy. Something claws you but does no damage. Something bites you.
Something claws you but does no damage. Something claws you.
The quasit barely misses you. The quasit closely misses you.
The quasit claws you but does no damage.
The iron imp hits you but does no damage.
Pain shoots through your body!
You miss the quasit.
The quasit is moderately wounded.
You closely miss something. You barely miss the iron imp. You miss something.
Something bites you but does no damage.
Something claws you but does no damage. x2
The quasit closely misses you.
The quasit claws you but does no damage.
The quasit barely misses you. Something barely misses you.
Something claws you but does no damage. Something claws you.
You die... "Huh?
Did I miss anything?"

##########........#
#..# ########.# #.##
#.# #.# ### #.# #.# ..#
#.# #.# #.####### #.#
#.# ........# #.# #.#
#:#####.#########5###.#
..# [......{@{....#
..#####..########5###.#
.........########5###.#
..#####...............#
.## ########.##### ##
#.# #################.#
.................>#
###################


You could see an iron imp (summoned), a quasit (summoned) and a white imp
(summoned).

Vanquished Creatures
  A giant cockroach (D:1)
  4 goblins (D:1)
  A hobgoblin (D:1)
  9 jackals (D:1)
  2 quokkas (D:1)
  2 rats (D:1)
19 creatures vanquished.

Vanquished Creatures (others)
  A jackal zombie (D:1)
1 creature vanquished.

Grand Total: 20 creatures vanquished

Notes
Turn   | Place    | Note
-------+----------+-------------------------------------------
     0 | D:1      | qw the Barachi Chaos Knight began the quest for the Orb.
     0 | D:1      | Reached XP level 1. HP: 18/18 MP: 1/1
     0 | D:1      | 0 ||| qw: Version: 0.1-a-102-g441f92d
     0 | D:1      | 0 ||| qw: Game counter: 5338
     0 | D:1      | 0 ||| qw: Always use a shield: true
     0 | D:1      | 0 ||| qw: God list: Okawaru
     0 | D:1      | 0 ||| qw: Allow faded altars: false
     0 | D:1      | 0 ||| qw: Do Orc after D:15 true
     0 | D:1      | 0 ||| qw: Do second Lair branch before Depths: true
     0 | D:1      | 0 ||| qw: Lair rune preference: random
     0 | D:1      | 0 ||| qw: Plans: Normal
     0 | D:1      | 0 ||| PLANNING D:1-11
     0 | D:1      | Fell from the grace of Xom
    62 | D:1      | Reached XP level 2. HP: 24/24 MP: 2/2
    98 | D:1      | 98 ||| Stepping ~*~*~tactically~*~*~ (stealth).
   100 | D:1      | 100 ||| Stepping ~*~*~tactically~*~*~ (stealth).
   101 | D:1      | 101 ||| Stepping ~*~*~tactically~*~*~ (stealth).
   116 | D:1      | Reached skill level 4 in Axes
   319 | D:1      | 319 ||| Stepping ~*~*~tactically~*~*~ (stealth).
   320 | D:1      | 320 ||| Stepping ~*~*~tactically~*~*~ (stealth).
   321 | D:1      | 321 ||| Stepping ~*~*~tactically~*~*~ (stealth).
   323 | D:1      | 323 ||| Stepping ~*~*~tactically~*~*~ (stealth).
   349 | D:1      | Reached XP level 3. HP: 24/29 MP: 3/3
   476 | D:1      | XOM: summons 7 hostile demons
   482 | D:1      | HP: 1/29 [something/nerve-wracking pain[Xom] (11)]
   483 | D:1      | Slain by a quasit

Levels and vault maps discovered:
D:1:      onia_arrival_pentagram, layout_loops_ring,
          chequers_ecumenical_altar_simple

Skill      XL: |  1  2 |
---------------+-------+-----
Axes           | 4 |  4.5
Fighting       | |  3.6
Armour         | |  2.4
Dodging        | |  1.1

Action                   || total
-------------------------++-------
Melee: Hand axe          ||    69
       Punch             ||     1
Invok: Renounce Religion ||     1
Armor: Leather armour    ||    63
Dodge: Dodged            ||    48

Table legend:
 A = Non-vault XP
 B = Vault XP
 C = Vault XP percentage of total XP
 D = Non-vault monster count
 E = Vault monster count
 F = Vault count percentage of total count
                 A         B        C        D         E       F
            +---------+---------+-------+---------+---------+-------
      Total |      34 |       0 |   0.0 |      19 |       0 |   0.0
            +---------+---------+-------+---------+---------+-------
        D:1 |      34 |       0 |   0.0 |      19 |       0 |   0.0
            +---------+---------+-------+---------+---------+-------
